 Dungeon Crawl Stone Soup version 0.16-a0-922-gae79c9c (webtiles) character file.

924 Ololoev the Basher (level 8, -5/74 HPs)
             Began as an Ogre Hunter on Sept 30, 2014.
             Slain by bmpenner's ghost (8 damage)
             ... on Level 5 of the Dungeon.
             The game lasted 00:14:44 (7721 turns).

Ololoev the Basher (Ogre Hunter)                    Turns: 7721, Time: 00:14:45

HP  -5/74        AC  3     Str 18      XL: 8   Next: 10%
MP   8/8         EV 10     Int 10      God:
Gold 300         SH  0     Dex 12      Spells:  1 memorised,  5 levels left

rFire  + . .     SeeInvis .     h - +2 hand axe of Putrescence {speed, -Cast rF+ rC+}
rCold  + . .     Clarity  .     d - +0 animal skin
rNeg   . . .     rCorr    .     (shield restricted)
rPois  .         rRot     .     (helmet restricted)
rElec  .         Spirit   .     (no cloak)
SustAb .         Warding  .     (gloves unavailable)
rMut   .         Stasis   .     (boots unavailable)
Gourm  .         NoCast   +     (no amulet)
MR     .....                    (no ring)
                                n - ring of regeneration

@: not resistant to hostile enchantments, very unstealthy
A: unfitting armour, tough skin 1
a: no special abilities


You were on level 5 of the Dungeon.
You were very hungry.

You visited 1 branch of the dungeon, and saw 5 of its levels.

You collected 300 gold pieces.

Inventory:

Hand weapons
 e - a +0 mace
 h - the cursed +2 hand axe of Putrescence (weapon) {speed, -Cast rF+ rC+}
   (You found it on level 4 of the Dungeon)

   Attacks with this weapon are significantly faster.
   It protects you from fire.
   It protects you from cold.
   It prevents spellcasting.
   It has a curse placed upon it.
Missiles
 c - a throwing net (quivered)
Armour
 d - a +0 animal skin (worn)
Magical devices
 r - a wand of polymorph (4)
 s - a wand of cold (14)
 w - a wand of fire (5)
Comestibles
 f - 3 meat rations
 l - 2 beef jerkies
 p - 4 bread rations
Scrolls
 g - 3 scrolls of teleportation
 o - a scroll of magic mapping {unknown}
Jewellery
 n - a ring of regeneration (left hand)
Potions
 a - a potion of heal wounds {unknown}
 i - a potion of degeneration {unknown}
 j - 3 potions of brilliance {unknown}
 k - a potion of invisibility {unknown}
 m - 2 potions of curing {unknown}
 q - a potion of confusion {unknown}
 t - a potion of might {unknown}
 u - 2 potions of restore abilities {unknown}
 v - a potion of poison {unknown}
 x - a potion of mutation {unknown}


   Skills:
 - Level 2.6 Fighting
 * Level 9.5 Maces & Flails
 + Level 7.3 Throwing
 - Level 1.7 Dodging
 - Level 0.7 Stealth


You had 5 spell levels left.
You knew the following spells:

 Your Spells              Type           Power        Failure   Level  Hunger
b - Cure Poison           Pois           #.........   61%         2    ###....


Dungeon Overview and Level Annotations

Branches:
Dungeon (5/15)
 Temple: D:4-7

Altars:
Cheibriados
Fedhas
Vehumet

Annotations:
D:5 bmpenner's ghost, experienced DsFi


Innate Abilities, Weirdness & Mutations

You are too large for most types of armour.
You have tough skin (AC +1).


Message History

Bmpenner's ghost is moderately damaged.
Bmpenner's ghost hits you.
* * * LOW HITPOINT WARNING * * *
You hit bmpenner's ghost but do no damage.
Bmpenner's ghost is moderately damaged.
Bmpenner's ghost hits you!
* * * LOW HITPOINT WARNING * * *
You hit bmpenner's ghost but do no damage.
Bmpenner's ghost is moderately damaged.
You hit bmpenner's ghost but do no damage.
Bmpenner's ghost is moderately damaged.
Bmpenner's ghost closely misses you.
You hit bmpenner's ghost but do no damage.
Bmpenner's ghost is moderately damaged.
Bmpenner's ghost says, "You're as good as gold."
Bmpenner's ghost barely misses you.
You hit bmpenner's ghost but do no damage.
Bmpenner's ghost is moderately damaged.
Bmpenner's ghost hits you!
You die...

......................
......................
.....................
.....................
.....................
......................
.......................
+####+#####'###......#
#..@.#W.....#
+...W#......#
#....'......#
###+##......# ......#
...$..# ......# ......
.....


You could see bmpenner's ghost.

Vanquished Creatures
  An ice beast (D:5)
  3 ogres (D:4)
  2 phantoms (D:4)
  A gnoll shaman (D:4)
  A sky beast zombie (D:5)
  11 adders
  6 gnolls (D:4)
  A green rat (D:3)
  2 giant mites
  5 worms
  3 orcs
  4 ball pythons
  12 bats
  A bat skeleton (D:4)
  17 goblins
  13 hobgoblins
  7 jackals
  2 quokkas
  8 giant cockroaches
  3 giant geckos
  2 giant newts
  14 kobolds
  16 rats
135 creatures vanquished.

Vanquished Creatures (others)
  A bat (D:2)
  A kobold (D:2)
2 creatures vanquished.

Grand Total: 137 creatures vanquished

Notes
Turn   | Place    | Note
--------------------------------------------------------------
     0 | D:1      | Ololoev, the Ogre Hunter, began the quest for the Orb.
     0 | D:1      | Reached XP level 1. HP: 22/22 MP: 1/1
   183 | D:1      | Reached XP level 2. HP: 29/29 MP: 2/2
  1066 | D:1      | Reached skill level 5 in Throwing
  1095 | D:1      | Reached XP level 3. HP: 31/36 MP: 3/3
  2200 | D:2      | Reached XP level 4. HP: 44/44 MP: 4/4
  2288 | D:2      | Found a radiant altar of Vehumet.
  2657 | D:2      | Learned a level 1 spell: Sting
  2660 | D:2      | Learned a level 2 spell: Cure Poison
  2728 | D:2      | Found a blossoming altar of Fedhas.
  3501 | D:3      | Reached XP level 5. HP: 17/50 MP: 5/5
  4031 | D:3      | Reached skill level 5 in Maces & Flails
  4695 | D:4      | Noticed an ogre
  4712 | D:4      | Killed an ogre
  4712 | D:4      | Reached skill level 6 in Maces & Flails
  4712 | D:4      | Reached XP level 6. HP: 12/59 MP: 6/6
  5800 | D:4      | Noticed a phantom
  5814 | D:4      | Killed a phantom
  5814 | D:4      | Reached skill level 7 in Maces & Flails
  5935 | D:4      | Noticed an ogre
  5942 | D:4      | Killed an ogre
  5942 | D:4      | Reached XP level 7. HP: 13/66 MP: 7/7
  6242 | D:4      | Reached skill level 8 in Maces & Flails
  6516 | D:4      | Noticed a phantom
  6542 | D:4      | Killed a phantom
  7048 | D:4      | Got a brightly glowing hand axe
  7149 | D:4      | Reached skill level 9 in Maces & Flails
  7384 | D:4      | Identified the cursed +2 hand axe of Putrescence {speed, -Cast rF+ rC+} (You found it on level 4 of the Dungeon)
  7391 | D:5      | Entered Level 5 of the Dungeon
  7528 | D:5      | Reached XP level 8. HP: 74/74 MP: 8/8
  7606 | D:5      | Found a snail-covered altar of Cheibriados.
  7703 | D:5      | Noticed bmpenner's ghost (experienced DsFi)
  7717 | D:5      | HP: 1/74 [bmpenner's ghost (9)]
  7721 | D:5      | Slain by bmpenner's ghost

Action                   |  1- 3 |  4- 6 |  7- 9 || total
-------------------------+-------+-------+-------++-------
Melee: Club              |    21 |       |       ||    21
       Mace              |   136 |   254 |    89 ||   479
       Hand axe          |       |       |    44 ||    44
Throw: Large rock        |     2 |     8 |    20 ||    30
       Throwing net      |       |       |     5 ||     5
 Cast: Cure Poison       |       |     3 |       ||     3
Evoke: Wand              |       |    12 |     2 ||    14
  Use: Scroll            |       |       |     5 ||     5
  Eat: Chunk             |     4 |    13 |     4 ||    21
